 Dungeon Crawl Stone Soup version 0.29.1 (webtiles) character file.

Game seed: 2650345446305386069

88 qw the Chopper (level 4, -3/28 HPs)
             Began as a Gargoyle Fighter on Sept 13, 2022.
             Slain by an orc wizard
             ... wielding a +0 dagger
              (5 damage)
             ... on level 3 of the Dungeon.
             The game lasted 00:00:39 (2430 turns).

qw the Chopper (Gargoyle Fighter)                   Turns: 2430, Time: 00:00:40

Health: -3/28      AC:  0    Str: 22    XL:     4   Next: 54%
Magic:  4/4        EV: 13    Int:  8    God:
Gold:   111        SH:  0    Dex:  9    Spells: 3/3 levels left

rFire   . . .      SeeInvis .   (weapon currently unavailable)
rCold   . . .      Faith    .   (shield currently unavailable)
rNeg    + . .      Spirit   .   (body armour currently unavailable)
rPois   inf        Reflect  .   (helmet currently unavailable)
rElec   .          Harm     .   (cloak currently unavailable)
rCorr   .          Rampage  .   (gloves currently unavailable)
Will    .....                   (boots currently unavailable)
Stlth   +.........              (no amulet)
HPRegen 0.09/turn               (ring currently unavailable)
MPRegen 0.09/turn               (ring currently unavailable)

@: pig-form, very quick
A: fast, no casting, sickness immunity, AC +3, small, negative energy resistance
1, (electricity resistance), torment resistance 1, petrification resistance
a: no special abilities


You were on level 3 of the Dungeon.
You were a filthy swine.
You visited 1 branch of the dungeon, and saw 3 of its levels.

You collected 111 gold pieces.


Innate Abilities, Weirdness & Mutations

You are a filthy swine.
You move quickly.
Your equipment is almost entirely melded.
You are incapable of wielding weapons or throwing items.
You cannot cast spells.
You are immune to sickness and miasma.
((Your stone body is resilient. (AC +3)))
You are immune to poison.
You resist negative energy. (rN+)
((You are resistant to electric shocks. (rElec)))
You are resistant to unholy torment.
You are immune to petrification.


   Skills:
 - Level 3.2 Fighting
 + Level 4.2 Axes
 - Level 3.2 Armour
 - Level 3.2 Shields


You had 3 spell levels left.
You didn't know any spells.
Your spell library was empty.

Inventory:

Hand Weapons
 n - a +0 mace
 Y - a +0 war axe of protection (melded)
Armour
 b - a +0 scale mail (melded)
 c - a +0 buckler (melded)
 f - a +0 cloak (melded)
Potions
 a - a potion of haste {unknown}
 d - a potion of might
 e - a potion of heal wounds {unknown}
 h - a potion of lignification {unknown}
 i - a potion of curing
 j - a potion of brilliance {unknown}
 k - a potion of resistance {unknown}

Dungeon Overview and Level Annotations

Branches:
Dungeon (3/15)

Altars:

Annotations:
D:3 Ijyb


Message History

You hit the goblin.
Ijyb zaps a wand.
You turn into a filthy swine.
Your +0 war axe of protection melds into your body.
Your +0 cloak melds into your body.
Your +0 buckler melds into your body.
Your +0 scale mail melds into your body.
Your +0 war axe of protection goes still.
The goblin closely misses you.
You barely miss the goblin.
The goblin is severely wounded.
The goblin closely misses you. Ijyb hits you with a +0 club.
You barely miss the goblin.
The goblin is heavily wounded.
Ijyb hits you with a +0 club. The goblin closely misses you.
You miss the goblin.
The goblin is heavily wounded.
The goblin hits you with a +0 club. Ijyb closely misses you.
You hit the goblin.
You kill the goblin!
Ijyb misses you.
You closely miss Ijyb.
Ijyb is moderately wounded.
Ijyb hits you with a +0 club. The orc wizard casts a spell at you.
The magic dart hits something!
You hear some strange, mumbled words.
A magic dart appears from out of thin air!
The magic dart hits you!
You closely miss Ijyb.
Ijyb is moderately wounded.
You hit Ijyb.
Ijyb is moderately wounded.
Ijyb screams, "No!
No, no, no, no!"
Ijyb barely misses you. Something hits you.
You barely miss Ijyb.
Ijyb is moderately wounded.
Something completely misses you. Ijyb completely misses you.
You hit Ijyb but do no damage.
Ijyb is moderately wounded.
Ijyb hits you with a +0 club. Something hits you.
You die...

# ## #. #
....#.#####.###.#
.......$.h{o{..>#
###.#.#.#g#....:.
# #.#.# .....
#%#.# .... #<#.#
... ###.# .. ..#
. ###


You could see Ijyb and an orc wizard.

Vanquished Creatures
  4 adders
  2 worms (D:2)
  A dart slug (D:2)
  2 orcs (D:3)
  An endoplasm (D:1)
  7 goblins
  7 hobgoblins
  2 jackals (D:1)
  3 kobolds
  2 quokkas (D:2)
  6 ball pythons
  3 bats
  2 rats
42 creatures vanquished.

Notes
Turn   | Place    | Note
-------+----------+-------------------------------------------
     0 | D:1      | qw the Gargoyle Fighter began the quest for the Orb.
     0 | D:1      | Reached XP level 1. HP: 14/14 MP: 1/1
     0 | D:1      | 0 ||| qw: Version: 0.1-a-119-g272c26d
     0 | D:1      | 0 ||| qw: Game counter: 11192
     0 | D:1      | 0 ||| qw: Always use a shield: true
     0 | D:1      | 0 ||| qw: God list: Okawaru
     0 | D:1      | 0 ||| qw: Allow faded altars: false
     0 | D:1      | 0 ||| qw: Do Orc after D:15 true
     0 | D:1      | 0 ||| qw: Do second Lair branch before Depths: true
     0 | D:1      | 0 ||| qw: Lair rune preference: random
     0 | D:1      | 0 ||| qw: Plans: Normal, Zot, God:TSO, Crypt, Tomb, Pan,
                  | Slime, Hells, Zig, Abyss, Orb
     0 | D:1      | 0 ||| PLANNING D:1-11
   186 | D:1      | Reached skill level 2 in Axes
   364 | D:1      | Reached XP level 2. HP: 19/19 MP: 2/2
   853 | D:1      | Found a faded altar of an unknown god.
  1084 | D:1      | 1084 ||| UPGRADING to +0 cloak.
  1089 | D:1      | 1089 ||| READING 2 scrolls labelled ULAPLEDOGO.
  1090 | D:1      | 1090 ||| DROPPING +0 club.
  1091 | D:1      | 1091 ||| READING scroll of brand weapon.
  1091 | D:1      | 1091 ||| BRANDING +0 war axe of flaming.
  1092 | D:1      | 1092 ||| READING 2 scrolls labelled HETIYM MITA.
  1093 | D:1      | 1093 ||| DROPPING scroll of amnesia.
  1274 | D:2      | 1274 ||| Stepping ~*~*~tactically~*~*~ (stealth).
  1290 | D:2      | 1290 ||| Stepping ~*~*~tactically~*~*~ (stealth).
  1297 | D:2      | Reached skill level 3 in Axes
  1361 | D:2      | 1361 ||| Stepping ~*~*~tactically~*~*~ (hiding).
  1367 | D:2      | Reached XP level 3. HP: 16/23 MP: 3/3
  1850 | D:2      | Reached XP level 4. HP: 28/28 MP: 4/4
  2039 | D:2      | 2039 ||| DROPPING +0 club.
  2089 | D:2      | Reached skill level 4 in Axes
  2358 | D:2      | 2358 ||| READING scroll labelled UVYZER AKYIFU.
  2359 | D:2      | 2359 ||| READING scroll labelled REARGH ONAGEIH.
  2360 | D:2      | 2360 ||| DRINKING 2 black potions.
  2409 | D:3      | Noticed Ijyb
  2426 | D:3      | HP: 7/28 [something/magic dart (7)]
  2430 | D:3      | HP: 2/28 [Ijyb/+0 club (4)]
  2430 | D:3      | Slain by an orc wizard

Levels and vault maps discovered:
D:1:      roderic_octagonal_star, layout_loops_ring,
          ebering_ecumenical_altar_hall
D:2:      layout_basic, serial_glass, glass_columns_c, glass_columns_a,
          glass_columns_a
D:3:      layout_basic, uniq_ijyb, uniq_jessica

Skill      XL: |  1  2  3  4 |
---------------+-------------+-----
Axes           | 2 3 4 |  4.2
Fighting       | |  3.2
Armour         | |  3.2
Shields        | |  3.2

Action                   |  1- 3 |  4- 6 || total
-------------------------+-------+-------++-------
Melee: War axe           |    96 |    41 ||   137
       Unarmed           |       |     9 ||     9
  Use: Scroll            |     3 |     2 ||     5
       Potion            |       |     1 ||     1
Armor: Scale mail        |    49 |    18 ||    67
Dodge: Dodged            |    49 |    25 ||    74
Block: Buckler           |    15 |     8 ||    23

Table legend:
 A = Non-vault XP
 B = Vault XP
 C = Vault XP percentage of total XP
 D = Non-vault monster count
 E = Vault monster count
 F = Vault count percentage of total count
                 A         B        C        D         E       F
            +---------+---------+-------+---------+---------+-------
      Total |     127 |       0 |   0.0 |      42 |       0 |   0.0
            +---------+---------+-------+---------+---------+-------
        D:1 |      25 |       0 |   0.0 |      15 |       0 |   0.0
        D:2 |      78 |       0 |   0.0 |      21 |       0 |   0.0
        D:3 |      24 |       0 |   0.0 |       6 |       0 |   0.0
            +---------+---------+-------+---------+---------+-------
